 Dungeon Crawl Stone Soup version 0.29-a0-598-gd8304a5bf4 (webtiles) character file.

Game seed: 10206584845058942318

1103 Dordric the Cleaver (level 8, 0/64 HPs)
             Began as a Hill Orc Fighter on June 16, 2022.
             Was a Follower of Makhleb.
             Slain by an orc priest
             ... wielding a +0 trident
              (10 damage)
             ... on level 6 of the Dungeon.
             The game lasted 00:04:37 (5456 turns).

Dordric the Cleaver (Hill Orc Fighter)              Turns: 5456, Time: 00:04:38

Health: 0/64       AC:  0    Str: 21    XL:     8   Next: 32%
Magic:  9/9        EV: 17    Int:  8    God:    Makhleb [*.....]
Gold:   325        SH:  0    Dex: 15    Spells: 7/7 levels left

rFire   . . .      SeeInvis .   (weapon currently unavailable)
rCold   . . .      Faith    +   (shield currently unavailable)
rNeg    . . .      Spirit   .   (body armour currently unavailable)
rPois   .          Reflect  .   (helmet currently unavailable)
rElec   .          Harm     .   (cloak currently unavailable)
rCorr   .          Rampage  .   (gloves currently unavailable)
Will    .....                   (boots currently unavailable)
Stlth   +.........              j - amulet of faith
HPRegen 0.20/turn               (ring currently unavailable)
MPRegen 0.11/turn               (ring currently unavailable)

@: bat-form, flying, very quick
A: fast, flying, no casting, tiny
a: Renounce Religion, Convert to Beogh


You were on level 6 of the Dungeon.
You worshipped Makhleb.
Makhleb was aware of your devotion.
You were a bat.
You visited 2 branches of the dungeon, and saw 7 of its levels.

You collected 325 gold pieces.

Inventory:

Hand Weapons
 a - a +0 war axe (melded)
Missiles
 r - 2 throwing nets (quivered)
Armour
 b - a +0 scale mail (melded)
 c - a +0 buckler
 i - a +0 pair of gloves (melded)
 p - a +2 helmet (melded)
 q - a +0 cloak (melded)
Jewellery
 j - an amulet of faith (around neck)
Wands
 A - a wand of flame (21)
 B - a wand of quicksilver (14)
Scrolls
 e - a scroll of identify
 f - 2 scrolls of magic mapping
 g - 2 scrolls of enchant weapon
 k - 3 scrolls of vulnerability
 t - 2 scrolls of poison
 v - 4 scrolls of teleportation {unknown}
 w - a scroll of fog {unknown}
 x - a scroll of fear {unknown}
 y - a scroll of noise {unknown}
Potions
 d - 3 potions of might
 h - a potion of resistance {unknown}
 l - a potion of cancellation {unknown}
 m - 4 potions of lignification {unknown}
 n - a potion of attraction {unknown}
 o - a potion of flight {unknown}
 s - 2 potions of mutation {unknown}
 u - a potion of degeneration {unknown}
 z - 2 potions of heal wounds {unknown}


   Skills:
 - Level 3.6 Fighting
 + Level 12.3 Axes
 - Level 3.2 Armour
 - Level 3.2 Shields
 + Level 2.2 Invocations


You had 7 spell levels left.
You didn't know any spells.
Your spell library contained the following spells:

 Spells                   Type           Power      Damage    Failure   Level
 Shock                    Conj/Air       0%         1d3       41%         1
 Slow                     Hex            0%         N/A       41%         1
 Summon Small Mammal      Summ           0%         N/A       41%         1
 Confusing Touch          Hex            0%         N/A       78%         3
 Dazzling Flash           Conj/Hex       0%         N/A       78%         3
 Gell's Gravitas          Tloc           0%         N/A       78%         3
 Teleport Other           Tloc           0%         N/A       78%         3
 Vampiric Draining        Necr           0%         2d6       78%         3
 Iskenderun's Mystic Bla  Conj/Tloc      0%         2d3       99%         4
 Freezing Cloud           Conj/Ice/Air   0%         6-21      100%        5
 Summon Forest            Summ/Tloc      0%         N/A       100%        5
 Dispersal                Tloc           0%         N/A       100%        6
 Starburst                Conj/Fire      0%         6d3       100%        6
 Summon Horrible Things   Summ           0%         N/A       100%        8


Dungeon Overview and Level Annotations

Branches:
Dungeon (6/15)             Temple (1/1) D:4

Altars:
Cheibriados
Dithmenos
Elyvilon
Fedhas
Gozag
Hepliaklqana
Kikubaaqudgha
Makhleb
Nemelex Xobeh
Okawaru
Qazlal
Ru
Trog
Uskayaw
Vehumet
Wu Jian
Xom
Yredelemnul
Zin
The Shining One

Annotations:
D:3 1 runed translucent door, Crazy Yiuf


Message History

You are too confused!
You are too confused!
You are too confused!
You are too confused!
You are too confused!
You are too confused!
You are too confused!
You are too confused!
You are too confused!
You are too confused!
You are too confused!
You are too confused!
You are too confused!
Unknown command.
You bump into the rock wall.
The orc wizard hits you but does no damage.
The orc warrior hits you with a +0 war axe.
The orc priest closely misses you.
You hit the orc warrior but do no damage.
You hit the orc wizard. The orc wizard closely misses you.
The orc warrior zaps a wand.
You turn into a bat.
Your +0 war axe melds into your body.
Your +0 cloak melds into your body.
Your +2 helmet melds into your body.
Your +0 pair of gloves melds into your body.
Your +0 scale mail melds into your body.
The orc priest closely misses you.
You're too confused to move!
The orc wizard misses you.
The orc warrior hits you with a +0 war axe!
The orc priest completely misses you.
Unknown command.
The orc warrior hits you with a +0 war axe!!
The orc priest barely misses you.
Found 8 gold pieces.
The orc priest hits you from afar with a +0 trident.
You're too confused to move!
You feel less confused.
The orc warrior hits you with a +0 war axe!!
* * * LOW HITPOINT WARNING * * *
The orc priest hits you from afar with a +0 trident!
You die...

##..... #.......
....... ...<...
###.#.#.# #<#.#.#.# #
# #.#.#o#.#.#..$#
#######.#.#oob.......
..........).#.##.####
#######.#.#.#...
...#.#.#.##..
###.#.#.#.. ...
..#.#.#.. ##
###.#.##.# ..... .#
#....


You could see an orc warrior, an orc priest and an orc wizard.

Vanquished Creatures
  2 black bears (D:4)
  A centaur (D:5)
  A phantom (D:4)
  A necrophage (D:5)
  2 scorpions
  4 hounds (D:5)
  A jelly (D:4)
  A gnoll shaman (D:3)
  2 iguanas (D:5)
  2 orc wizards
  11 adders
  11 gnolls
  2 white imps (D:5)
  4 worms
  7 dart slugs
  12 orcs
  9 ball pythons
  5 bats
  5 endoplasms
  5 giant cockroaches
  6 goblins
  12 hobgoblins
  11 kobolds
  2 quokkas
  3 frilled lizards
  6 rats
128 creatures vanquished.

Vanquished Creatures (others)
  3 fungi (D:3)
  21 plants (D:3)
24 creatures vanquished.

Grand Total: 152 creatures vanquished

Notes
Turn   | Place    | Note
-------+----------+-------------------------------------------
     0 | D:1      | Dordric the Hill Orc Fighter began the quest for the Orb.
     0 | D:1      | Reached XP level 1. HP: 19/19 MP: 1/1
    55 | D:1      | Reached skill level 3 in Axes
   188 | D:1      | Reached XP level 2. HP: 25/26 MP: 2/2
   245 | D:1      | Reached skill level 4 in Axes
   697 | D:1      | Reached XP level 3. HP: 31/31 MP: 3/3
   821 | D:1      | Found a faded altar of an unknown god.
   983 | D:2      | Reached skill level 5 in Axes
  1125 | D:2      | Reached XP level 4. HP: 35/39 MP: 4/4
  1338 | D:2      | Reached skill level 6 in Axes
  1783 | D:3      | Found a blossoming altar of Fedhas.
  1968 | D:3      | Reached XP level 5. HP: 24/45 MP: 5/5
  2186 | D:3      | Reached skill level 7 in Axes
  3180 | D:3      | Reached skill level 8 in Axes
  3210 | D:3      | Reached XP level 6. HP: 43/47 MP: 6/6
  3254 | D:3      | Found a snail-covered altar of Cheibriados.
  3351 | D:3      | Found a runed translucent door.
  3352 | D:3      | Noticed Crazy Yiuf
  3491 | D:4      | Found a hazy altar of Hepliaklqana.
  3641 | D:4      | Reached skill level 9 in Axes
  3678 | D:4      | Reached XP level 7. HP: 35/57 MP: 7/7
  3969 | D:4      | Found a staircase to the Ecumenical Temple.
  3997 | D:4      | Found a burning altar of Makhleb.
  4005 | D:4      | Found an ancient bone altar of Kikubaaqudgha.
  4058 | Temple   | Entered the Ecumenical Temple
  4149 | D:4      | Became a worshipper of Makhleb the Destroyer
  4268 | D:4      | Found a stormy altar of Qazlal.
  4293 | D:4      | Found a shadowy altar of Dithmenos.
  4363 | D:4      | Reached skill level 10 in Axes
  4684 | D:5      | Entered Level 5 of the Dungeon
  4698 | D:5      | Reached skill level 11 in Axes
  4790 | D:5      | Reached XP level 8. HP: 49/64 MP: 8/8
  4891 | D:5      | Got the Incunabulum of Supportive Lightness
  5004 | D:5      | Reached skill level 12 in Axes
  5148 | D:5      | Reached skill level 1 in Invocations
  5227 | D:5      | Reached * piety under Makhleb
  5456 | D:6      | Slain by an orc priest

Illustrated notes

Levels and vault maps discovered:
D:1:      amcnicky_arrival_flooded_fountain, layout_loops_ring,
          basic_ecumenical_altar, minmay_bisected
D:2:      layout_rooms
D:3:      layout_basic, lemuel_tele_altar, fedhas_altar_3,
          nicolae_grassy_gnolls, uniq_crazy_yiuf_cottage
D:4:      layout_rooms, old_standard_altar, mainiacjoe_overflow_cross_hatched,
          grunt_qazlal_clouds, mainiacjoe_overflow_big_doors,
          minmay_temple_entry_fiery, kennysheep_path_1, kennysheep_small_square
D:5:      layout_rooms, chequers_jeans
D:6:      layout_basic, grunt_ministairs_3, kennysheep_decorative_pillar,
          minmay_manual_monolith, uniq_pikel, uniq_prince_ribbit1
Temple:   cyrus_circular_temple

Skill      XL: |  1  2  3  4  5  6  7  8 |
---------------+-------------------------+-----
Axes           | 3 4 5 6 8 9 11 12 | 12.3
Invocations    | 2 |  2.2
Fighting       | |  3.6
Armour         | |  3.2
Shields        | |  3.2

Action                   |  1- 3 |  4- 6 |  7- 9 || total
-------------------------+-------+-------+-------++-------
Melee: War axe           |   106 |   222 |   122 ||   450
       Punch             |       |     1 |       ||     1
  Use: Scroll            |       |     4 |       ||     4
Armor: Scale mail        |    62 |   107 |    97 ||   266
Dodge: Dodged            |    63 |   102 |    68 ||   233
Block: Buckler           |    29 |    16 |       ||    45

Table legend: (Time is in decaauts)
 A = Elapsed time spent in this place.
 B = Non-inter-level travel time spent in this place.
 C = Inter-level travel time spent in this place.
 D = Time resting spent in this place.
 E = Time spent auto-exploring this place.
 F = Levels seen in this place.
 G = Mean time per level.
                   A        B        C        D        E       F      G
               +--------+--------+--------+--------+--------+-----+--------+
         Total |   5517 |   5320 |    197 |    164 |   4185 |   7 |  788.1 |
       Dungeon |   5455 |   5268 |    187 |    164 |   4147 |   6 |  909.2 |
        Temple |     61 |     51 |     10 |      0 |     38 |   1 |   61.0 |
               +--------+--------+--------+--------+--------+-----+--------+

Top non-repeatable levels by time:
     D:3: 1539 daAuts
     D:4: 1153 daAuts
     D:2: 1002 daAuts
     D:1: 995 daAuts
     D:5: 750 daAuts
  Temple: 61 daAuts
     D:6: 15 daAuts
